cohdb
Replays
Latest Replays
All Replays
Popular Replays
Top Player Replays
Match Explorer
How It Works
Community
CoH3 Stats
Reddit
Sign in to upload your games and track your stats! →
Sign in with Steam
Match 45888575
Unlisted
Match 45888575
Overview
Messages
Build Orders
End
Panzergrenadier Squad
250 Light Carrier
Panzergrenadier Squad
Construct Light Support Kompanie
Combat Half-tracks
Fire Support Elements
Selects Armored Support Battlegroup
Selects Superior Fire Drills
Vehicle Survival Package
Veteran Squad Leaders
Selects Salvage Kits
Assault Mechanized Group
Flakvierling Half-track
2.5-tonne Medical Truck
le.IG 18 Support Gun Team
Construct Panzerarmee Kommand
Rapid Advance
Selects Panzer Storm
Walking Stuka Rocket Launcher
Emergency Repair Kits
Panzer III L Medium Tank
Tungsten Core Ammunition
Selects Stuka Anti-tank Loiter
Panzer III L Medium Tank
Stuka Anti-tank Loiter
Panzer III L Medium Tank
Walking Stuka Rocket Launcher
Stuka Anti-tank Loiter
Panzer III L Medium Tank
Panzerpioneer Squad
Selects Flammpanzer III Medium Tank
Selects Command Panzer IV F Medium Tank
Command Panzer IV F Medium Tank
Panzerpioneer Squad
Panzer III L Medium Tank
Armored Reserves
Panzerpioneer Squad
Raiden
WHAT CAN I SAY?
Blitzkrieg Doctrine
rabbit hole
DrinkIIScotch
nub
oziligath
[82AD] Janko
0
0
Comments
sign in to comment!
No comments posted yet!